 Dungeon Crawl Stone Soup version 0.32-a0-673-g3729bd50f8 (webtiles) character file.

Game seed: 7168833457901281742

21986 juan097 the Cleaver (level 12, 0/92 HPs)
             Began as a Coglin Artificer on Mar 10, 2024.
             Was a High Priest of Okawaru.
             Shot with an arrow by a kobold blastminer (5 damage)
             ... on level 1 of the Orcish Mines.
             The game lasted 00:37:42 (15230 turns).

juan097 the Cleaver (Coglin Artificer)             Turns: 15230, Time: 00:37:42

Health: 0/92       AC: 31    Str: 16    XL:     12   Next: 95%
Magic:  16/16      EV:  7    Int: 16    God:    Okawaru [*****.]
Gold:   371        SH:  0    Dex: 14    Spells: 9/11 levels left

rFire   . . .        V - +2 broad axe (elec) {Kazuki}
rCold   . . .        O - +1 demon whip (venom) {Junzo}
rNeg    . . .        n - +6 plate armour "Zesal" {rElec rCorr Stlth+}
rPois   .            G - +3 helmet of Defence {Will+ Int+3}
rElec   +            u - +0 cloak
rCorr   +            H - +1 pair of gloves
SInv    .            W - +1 pair of boots
Will    +....        (amulet unavailable) Stlth
                     (ring unavailable)
HPRegen 0.35/turn    (ring unavailable)
MPRegen 0.15/turn    (no gizmo)

%: no passive effects
@: studying Armour, revving
A: off-hand wielding, slow wielding, warmup strikes, no jewellery
a: Invent Gizmo, Renounce Religion, Heroism, Finesse, Duel


You were on level 1 of the Orcish Mines.
You worshipped Okawaru.
Okawaru was extremely pleased with you.
You visited 3 branches of the dungeon, and saw 14 of its levels.
You also visited: Bailey.

You collected 913 gold pieces.
You spent 542 gold pieces at shops.

Inventory:

Hand Weapons
 b - a +3 hand axe {Suni}
 t - a +0 war axe
 O - a +1 demon whip of venom (offhand) {Junzo}
 P - a +3 hand axe of freezing {Bonhwa}
 V - a +2 broad axe of electrocution (weapon) {Kazuki}
Missiles
 g - 2 atropa-tipped darts
 j - 30 javelins
 s - 4 poisoned darts
 A - 4 datura-tipped darts
 I - 4 throwing nets
 M - 2 boomerangs (quivered)
 T - 3 curare-tipped darts
 X - 2 silver javelins
Armour
 n - the +6 plate armour "Zesal" (worn) {rElec rCorr Stlth+}
   (You found it on level 7 of the Dungeon)

   rElec:     It insulates you from electricity.
   rCorr:     It protects you from acid and corrosion.
   Stlth+:    It makes you more stealthy.
 u - a +0 cloak (worn)
 G - the +3 helmet of Defence (worn) {Will+ Int+3}
   (You found it on level 3 of the Dungeon)

   Int+3:     It affects your intelligence (+3).
   Will+:     It increases your willpower.
 H - a +1 pair of gloves (worn)
 S - a +0 plate armour of cold resistance
 W - a +1 pair of boots (worn)
Wands
 c - a wand of flame (20)
 d - a wand of polymorph (22)
 e - a wand of iceblast (2)
 o - a wand of warping (2)
 N - a wand of light (3)
Scrolls
 h - a scroll of brand weapon
 k - 3 scrolls of amnesia
 l - 3 scrolls of fog {unknown}
 p - a scroll of enchant armour
 q - 4 scrolls of teleportation
 v - a scroll of revelation
 x - 2 scrolls of immolation
 y - a scroll of vulnerability
 B - 3 scrolls of fear {unknown}
 D - 2 scrolls of blinking
 F - a scroll of enchant weapon
 J - a scroll of acquirement
 L - 3 scrolls of poison
 R - a scroll of silence
Potions
 a - 2 potions of enlightenment
 f - 3 potions of mutation
 i - 6 potions of curing
 m - 2 potions of heal wounds
 r - 5 potions of haste {unknown}
 w - a potion of invisibility
 z - 3 potions of brilliance {unknown}
 C - 2 potions of might
 E - a potion of cancellation
 K - 3 potions of attraction {unknown}
 Q - a potion of experience
 U - a potion of lignification


   Skills:
 - Level 8.0 Fighting
 - Level 2.0 Short Blades
 + Level 11.3 Axes
 + Level 3.8 Throwing
 + Level 10.2 Armour
 - Level 6.0 Dodging
 - Level 3.0 Stealth
 + Level 5.9 Invocations
 + Level 9.1 Evocations


You had 9 spell levels left.
You knew the following spells:

 Your Spells              Type           Power      Damage    Failure   Level
a - Blink                 Tloc           0%         N/A       100%        2

Your spell library contained the following spells:

 Spells                   Type           Power      Damage    Failure   Level
 Magic Dart               Conj           0%         1d3       100%        1
 Sandblast                Erth           0%         2d4       100%        1
 Cigotuvi's Dreadful Rot  Necr/Alch/Air  0%         N/A       100%        2
 Ensorcelled Hibernation  Hex/Ice        0%         N/A       100%        2
 Dazzling Flash           Conj/Hex       0%         N/A       100%        3
 Fugue of the Fallen      Necr           0%         N/A       100%        3
 Mephitic Cloud           Conj/Alch/Air  0%         N/A       100%        3
 Passwall                 Erth           0%         N/A       100%        3
 Stone Arrow              Conj/Erth      0%         3d7       100%        3
 Volatile Blastmotes      Fire/Tloc      0%         2d10      100%        3
 Anguish                  Hex/Necr       0%         N/A       100%        4
 Brom's Barrelling Bould  Conj/Erth      0%         2d3       100%        4
 Ignite Poison            Fire/Alch      0%         N/A       100%        4
 Leda's Liquefaction      Alch/Erth      0%         N/A       100%        4
 Manifold Assault         Tloc           0%         N/A       100%        4
 Curse of Agony           Necr           0%         N/A       100%        5
 Freezing Cloud           Conj/Ice/Air   0%         6-21      100%        5
 Lee's Rapid Deconstruct  Erth           0%         3d4*      100%        5
 Silence                  Hex/Air        0%         N/A       100%        5
 Bombard                  Conj/Erth      0%         9d1       100%        6
 Dispersal                Tloc           0%         N/A       100%        6
 Starburst                Conj/Fire      0%         6d3       100%        6
 Disjunction              Tloc           0%         N/A       100%        8
 Maxwell's Capacitive Co  Air            0%         ∞         100%        8
 Call Imp                 Summ           Unusable   N/A       N/A         2

Dungeon Overview and Level Annotations

Branches:
Dungeon (12/15)            Temple (1/1) D:6            Lair (0/5) D:9
    Orc (1/2) D:12         Bailey (visited)

Altars:
Ashenzari
Cheibriados
Dithmenos
Elyvilon
Fedhas
Gozag
Hepliaklqana
Kikubaaqudgha
Makhleb
Nemelex Xobeh
Okawaru
Qazlal
Ru
Sif Muna
Trog
Uskayaw
Vehumet
Wu Jian
Xom
Yredelemnul
Zin
The Shining One

Shops:
D:5 *   D:9 (:?*(

Portals:
Trove: D:12 (give +7 demon blade)

Annotations:
D:3 1 runed translucent door, occam's ghost, amateur CoHu
D:12 1 runed translucent door, Hiev's ghost, journeyman DsGl


Innate Abilities, Weirdness & Mutations

You can wield a second weapon in your off-hand.
It takes a long time for you to wield or remove held weapons.
Your first few attacks do less damage.
You cannot equip rings or amulets.


Message History

Things that are here:
a +0 hand axe; an orc corpse You hit the kobold blastminer but do no damage.
The kobold blastminer is poisoned.
You hit the kobold blastminer but do no damage.
You completely miss the orc with your +2 broad axe of electrocution.
The orc hits you but does no damage.
The kobold blastminer blasts its cannon at you.
The iron shot hits you!!
The kobold blastminer is knocked back by the blast.
You hear a shout!
You barely miss the orc with your +1 demon whip of venom.
You slash the orc with your +2 broad axe of electrocution!
You kill the orc!
Okawaru accepts your kill.
A kobold blastminer comes into view.
The kobold blastminer shouts!
The kobold blastminer blasts its cannon at you.
The iron shot hits you!!
The kobold blastminer is knocked back by the blast.
You are too injured to fight recklessly!
The kobold blastminer wields a +0 orcbow.
The kobold blastminer shoots an arrow.
The arrow completely misses you.
The kobold blastminer unwields a +0 orcbow.
The kobold blastminer barely misses you.
You closely miss the kobold blastminer with your +2 broad axe of electrocution.
The kobold blastminer is lightly wounded.
You completely miss the kobold blastminer with your +1 demon whip of venom.
The kobold blastminer blasts its cannon at you.
The iron shot hits you!!
* * * LOW HITPOINT WARNING * * *
The kobold blastminer is knocked back by the blast.
A kobold blastminer comes into view.
The kobold blastminer shouts!
The kobold blastminer looks more healthy.
The kobold blastminer blasts its cannon at you.
The iron shot hits you but does no damage.
The kobold blastminer wields a +0 orcbow.
The kobold blastminer shoots an arrow.
The arrow hits you.
You die...

#..#.. ..... .
####..##
..#.#....##
#......)..##
##.........##
#...........##
.$.....K..)†.#
...#....#@#.##
.# #....#.###
#.$..#..##
#....##..
###K......
##......
##....#. ..K..
#.....


You could see 2 kobold blastminers.

Vanquished Creatures
  A vault guard (D:12)
  3 two-headed ogres
  Sonja (D:10)
  Amaemon (D:8)
  A cyclops (D:12)
  3 orc sorcerers (Orc:1)
  2 manticores
  An orange demon (D:8)
  Joseph (D:8)
  A gargoyle (D:10)
  Jeremiah (D:7)
  3 komodo dragons
  2 trolls
  5 hornets (Orc:1)
  4 shadows
  3 slime creatures (D:12)
  4 wyverns
  26 yaks
  3 wraiths
  A warg (Orc:1)
  2 steam dragons
  A basilisk (D:11)
  2 acid dragons (D:12)
  A water moccasin (D:7)
  12 orc warriors
  A sky beast (D:7)
  A laughing skull (D:9)
  2 black bears (D:9)
  An ogre (D:4)
  A crocodile (D:11)
  A phantom (D:4)
  13 centaurs
  3 weeping skulls (D:5)
  4 bullfrogs
  A scorpion (D:5)
  A water moccasin zombie (D:5)
  16 wights
  11 killer bees
  A howler monkey (D:10)
  2 jellies
  A bullfrog zombie (D:5)
  5 hounds
  2 bombardier beetles
  A human zombie (D:5)
  8 orc priests
  3 gnoll boudas (D:7)
  7 iguanas
  A scorpion zombie (D:5)
  2 sleepcaps
  10 orc wizards
  A hound zombie (D:5)
  17 gnolls
  6 adders
  2 white imps
  2 ufetubi (D:6)
  4 dart slugs
  3 ribbon worms
  59 orcs
  17 endoplasms
  3 giant cockroaches
  6 hobgoblins
  4 jackals (D:4)
  5 quokkas
  3 ball pythons
  5 bats
  7 frilled lizards
  11 goblins
  3 kobolds
  5 rats
347 creatures vanquished.

Vanquished Creatures (others)
  An orc (Bailey)
1 creature vanquished.

Grand Total: 348 creatures vanquished

Notes
Turn   | Place    | Note
-------+----------+-------------------------------------------
     0 | D:1      | juan097 the Coglin Artificer began the quest for the Orb.
     0 | D:1      | Reached XP level 1. HP: 15/15 MP: 1/1
   123 | D:1      | Reached skill level 1 in Stealth
   184 | D:1      | Reached XP level 2. HP: 10/21 MP: 2/2
   435 | D:1      | Reached XP level 3. HP: 22/27 MP: 3/3
   641 | D:2      | Reached skill level 1 in Axes
   750 | D:2      | Found a faded altar of an unknown god.
  1136 | D:2      | Reached XP level 4. HP: 33/33 MP: 4/4
  1581 | D:3      | Identified the +3 helmet of Defence {Will+ Int+3}
  1611 | D:3      | Found a runed translucent door.
  1623 | D:3      | Noticed occam's ghost (amateur CoHu)
  2002 | D:4      | Reached skill level 2 in Axes
  2095 | D:4      | Reached XP level 5. HP: 8/38 MP: 5/5
  2305 | D:4      | Noticed an ogre
  2313 | D:4      | Killed an ogre
  2314 | D:4      | Reached skill level 1 in Short Blades
  2314 | D:4      | Reached skill level 5 in Evocations
  2462 | D:4      | Noticed a phantom
  2559 | D:4      | Reached XP level 6. HP: 46/46 MP: 6/6
  2749 | D:4      | Reached skill level 3 in Axes
  3367 | D:5      | Entered Level 5 of the Dungeon
  3574 | D:5      | Found Koanweo's Assorted Antiques.
  3674 | D:5      | Bought a cyan potion for 25 gold pieces
  3674 | D:5      | Bought a white potion for 25 gold pieces
  3674 | D:5      | Bought a scroll labelled XEONASIOZO for 28 gold pieces
  3674 | D:5      | Bought a scroll labelled HIUCHE DAHIRRA for 28 gold pieces
  3674 | D:5      | Bought a yellow potion for 25 gold pieces
  3684 | D:5      | Found an iron altar of Okawaru.
  4226 | D:5      | Became a worshipper of Warmaster Okawaru
  4465 | D:5      | Reached XP level 7. HP: 51/52 MP: 7/7
  4713 | D:5      | Reached skill level 4 in Axes
  4750 | D:5      | Reached skill level 1 in Dodging
  4803 | D:5      | Found a basalt altar of Yredelemnul.
  4827 | D:5      | Reached * piety under Okawaru
  4930 | D:5      | Reached XP level 8. HP: 60/60 MP: 8/8
  5193 | D:6      | Identified the +0 leather armour "Xamigag" {Fly rF- MP-9
                  | Dex+6}
  5235 | D:6      | Reached skill level 5 in Axes
  5349 | D:6      | Noticed a yak
  5492 | D:6      | Reached ** piety under Okawaru
  5674 | D:6      | Noticed a yak
  5674 | D:6      | Noticed a yak
  5751 | D:6      | Found a staircase to the Ecumenical Temple.
  5758 | Temple   | Entered the Ecumenical Temple
  5774 | D:6      | Noticed a yak
  5812 | D:6      | Killed a yak
  5819 | D:6      | Killed a yak
  5955 | D:6      | Noticed a yak
  6015 | D:6      | Killed a yak
  6016 | D:6      | Reached skill level 5 in Fighting
  6016 | D:6      | Reached XP level 9. HP: 54/68 MP: 6/9
  6023 | D:6      | Reached skill level 6 in Axes
  6023 | D:6      | Reached skill level 1 in Invocations
  6575 | D:7      | Found a broken altar of Ashenzari.
  6743 | D:7      | Reached *** piety under Okawaru
  7023 | D:7      | Identified the +6 plate armour "Zesal" {rElec rCorr Stlth+}
  7074 | D:7      | Reached skill level 7 in Axes
  7222 | D:7      | Found an ornate altar of the Wu Jian Council.
  7331 | D:7      | Noticed Jeremiah
  7586 | D:7      | Killed Jeremiah
  7863 | D:7      | Reached XP level 10. HP: 75/76 MP: 13/13
  7900 | D:7      | Reached skill level 8 in Axes
  8060 | D:7      | Learned a level 2 spell: Blink
  8416 | D:8      | Noticed Joseph
  8428 | D:8      | Killed Joseph
  8429 | D:8      | Reached skill level 5 in Armour
  8847 | D:8      | Reached **** piety under Okawaru
  9132 | D:8      | Noticed an orange demon
  9149 | D:8      | Killed an orange demon
  9154 | D:8      | Noticed Amaemon
  9168 | D:8      | Killed Amaemon
  9477 | D:8      | Noticed a two-headed ogre
  9491 | D:8      | Killed a two-headed ogre
  9571 | D:8      | Reached ***** piety under Okawaru
  9579 | D:8      | Reached skill level 9 in Axes
  9597 | D:8      | Reached XP level 11. HP: 34/81 MP: 12/14
  9807 | D:8      | Found a glowing silver altar of Zin.
  9910 | D:9      | Reached skill level 10 in Axes
  9932 | D:9      | Found Nereuw's Book Emporium.
 10014 | D:9      | Found Piekadd's Antique Weapon Emporium.
 10597 | D:9      | Found Meurihag's Magic Scroll Emporium.
 10604 | D:9      | Bought a scroll of enchant armour for 105 gold pieces
 10604 | D:9      | Bought a scroll of poison for 56 gold pieces
 10604 | D:9      | Bought 2 scrolls of identify for 56 gold pieces
 10604 | D:9      | Bought a scroll of identify for 28 gold pieces
 10604 | D:9      | Bought a scroll of identify for 28 gold pieces
 10650 | D:9      | Noticed a manticore
 10666 | D:9      | Killed a manticore
 10666 | D:9      | Received a gift from Okawaru
 10998 | D:9      | Found a staircase to the Lair.
 11104 | D:9      | Found Rithor's General Store.
 11106 | D:9      | Found Ometekk's Weapon Boutique.
 11170 | D:9      | Bought a scroll of identify for 24 gold pieces
 11170 | D:9      | Bought a scroll of silence for 114 gold pieces
 11258 | D:10     | Entered Level 10 of the Dungeon
 11260 | D:10     | Found a flagged portal.
 11265 | Bailey   | Entered a bailey
 12086 | Bailey   | Received a gift from Okawaru
 12370 | D:10     | Reached skill level 1 in Throwing
 12425 | D:10     | Noticed Sonja
 12437 | D:10     | Killed Sonja
 12668 | D:10     | Identified a scroll of acquirement
 12681 | D:10     | Reached skill level 5 in Dodging
 12931 | D:10     | Noticed a two-headed ogre
 12940 | D:10     | Killed a two-headed ogre
 12941 | D:10     | Reached XP level 12. HP: 88/91 MP: 15/15
 12950 | D:10     | Reached skill level 5 in Invocations
 13260 | D:11     | Received a gift from Okawaru
 14203 | D:12     | Found a staircase to the Orcish Mines.
 14226 | D:12     | Noticed a two-headed ogre
 14237 | D:12     | Killed a two-headed ogre
 14238 | D:12     | Reached skill level 11 in Axes
 14326 | D:12     | Noticed a vault guard
 14330 | D:12     | Killed a vault guard
 14330 | D:12     | Received a gift from Okawaru
 14346 | D:12     | Found a portal to a secret trove of treasure.
 14572 | D:12     | Found a runed translucent door.
 14572 | D:12     | Found a shimmering altar of Xom.
 14572 | D:12     | Identified the +1 battleaxe of Nusi {chaos, Stlth+}
 14572 | D:12     | Noticed Hiev's ghost (journeyman DsGl)
 14582 | D:12     | Found a shimmering blue altar of Sif Muna.
 14948 | Orc:1    | Entered Level 1 of the Orcish Mines
 14989 | Orc:1    | Noticed an ogre mage
 15001 | Orc:1    | Reached skill level 10 in Armour
 15230 | Orc:1    | Shot with an arrow by a kobold blastminer

Illustrated notes

Levels and vault maps discovered:
D:1:      minmay_arrival_widening_spiral_wide, layout_rooms
D:2:      layout_loops_ring, ebering_ecumenical_altar_abandoned,
          nicolae_figureground_sparkle
D:3:      layout_rooms, ebering_ghost_inner_flame, grunt_ministairs_6
D:4:      layout_layer_cave
D:5:      layout_loops_ring, lemuel_mausoleum_altar_yredelemnul,
          kennysheep_okawaru_gauntlet, serial_shops, nicolae_shop_stone,
          nicolae_hexahallways
D:6:      layout_loops_ring, minmay_temple_entry_mist
D:7:      layout_basic, nzn_wu_jian_council_hall, mainiacjoe_overflow_alcove_4,
          nicolae_the_louvre, uniq_jeremiah
D:8:      layout_basic, zin_treasury, uniq_joseph, uniq_amaemon
D:9:      layout_loops_ring, grunt_lair_entry_orc_guard_hut, serial_shops,
          nicolae_shop_behind_doors, nicolae_square_shop,
          nicolae_shop_just_a_little_nook, shop, nicolae_shop_crystal,
          grunt_decor_one_mirror, grunt_tough_drop
D:10:     layout_long_grid, enter_bailey_2, uniq_sonja
D:11:     layout_cave_pools, minmay_lizard_king
D:12:     layout_loops_cross, orc_0_dummy, ebering_ghost_xom, enter_trove_5,
          hellmonk_sif_muna_bookshelves
Temple:   minmay_temple_bridge_d
Orc:1:    hellmonk_paralyzer, layout_diamond_mine

Skill      XL: |  1  2  3  4  5  6  7  8  9 10 11 12 |
---------------+-------------------------------------+-----
Stealth        | 1 2 3 |  3.0
Axes           | 1 2 3 4 5 7 9 10 11 | 11.3
Fighting       | 2 3 5 6 7 8 |  8.0
Short Blades   | 1 2 |  2.0
Evocations     | 5 6 7 9 |  9.1
Armour         | 2 4 8 10 | 10.2
Dodging        | 2 3 4 5 6 |  6.0
Invocations    | 4 5 |  5.9
Throwing       | 1 3 |  3.8

Action                     |  1- 3 |  4- 6 |  7- 9 | 10-12 || total
---------------------------+-------+-------+-------+-------++-------
  Melee: Dagger            |    40 |   104 |   324 |   135 ||   603
         Club              |    53 |       |       |       ||    53
         Hand axe          |    49 |   118 |   335 |   521 ||  1023
         Demon whip        |       |       |       |   480 ||   480
         Broad axe         |       |       |       |   113 ||   113
   Fire: Sling             |       |     6 |       |       ||     6
  Throw: Dart              |       |       |       |     7 ||     7
         Boomerang         |       |       |       |    30 ||    30
 Invoke: Heroism           |       |       |     2 |     6 ||     8
  Evoke: Wand              |       |     1 |     1 |    15 ||    17
    Use: Scroll            |       |       |     7 |    12 ||    19
         Potion            |       |       |       |     2 ||     2
   Stab: Sleeping          |       |     2 |     4 |       ||     6
         Invisible         |       |       |       |     4 ||     4
 Armour: Ring mail         |    40 |    61 |   145 |       ||   246
         Leather armour    |     3 |       |       |       ||     3
         Plate armour      |       |       |    33 |   765 ||   798
  Dodge: Dodged            |    36 |    48 |   141 |   250 ||   475

Table legend: (Time is in decaauts)
 A = Elapsed time spent in this place.
 B = Non-inter-level travel time spent in this place.
 C = Inter-level travel time spent in this place.
 D = Time resting spent in this place.
 E = Time spent auto-exploring this place.
 F = Levels seen in this place.
 G = Mean time per level.
                   A        B        C        D        E       F      G
               +--------+--------+--------+--------+--------+-----+--------+
         Total |  15208 |  14542 |    666 |    930 |  10424 |  15 | 1013.9 |
       Dungeon |  13827 |  13161 |    666 |    555 |   9981 |  12 | 1152.2 |
        Temple |      1 |      1 |      0 |      0 |      0 |   1 |    1.0 |
  Orcish Mines |    283 |    283 |      0 |    145 |     53 |   1 |  283.0 |
        Bailey |   1096 |   1096 |      0 |    230 |    390 |   1 | 1096.0 |
               +--------+--------+--------+--------+--------+-----+--------+

Top non-repeatable levels by time:
     D:7: 1940 daAuts
     D:5: 1577 daAuts
     D:4: 1513 daAuts
     D:8: 1407 daAuts
     D:9: 1340 daAuts
     D:6: 1318 daAuts
  Bailey: 1096 daAuts
    D:12: 903 daAuts
     D:2: 867 daAuts
    D:10: 846 daAuts
    D:11: 846 daAuts
     D:1: 645 daAuts
     D:3: 619 daAuts
   Orc:1: 283 daAuts
  Temple: 1 daAuts
